 Dungeon Sprint DCSS version 0.19-a0-1875-g4fea3da (webtiles) character file.

4386 poirepourri the Earth Mage (level 10, -2/55 HPs)
             Began as a Gargoyle Earth Elementalist on Oct 13, 2016.
             Slain by a demonic crawler (8 damage)
             ... in the Dungeon (Sprint I: "Red Sonja").
             The game lasted 00:04:17 (2024 turns).

poirepourri the Earth Mage (GrEE)                   Turns: 2024, Time: 00:04:17

Health: -2/55      AC: 12    Str: 12    XL:     10   Next: 35%
Magic:  10/30      EV: 12    Int: 19    God:
Gold:   544        SH:  0    Dex: 10    Spells: 5 memorised, 26 levels left

rFire  . . .     SeeInvis .     b - 13 stones
rCold  . . .     Gourm    .     c - +0 robe
rNeg   + . .     Faith    .     (no shield)
rPois  ∞         Spirit   .     (no helmet)
rElec  +         Dismiss  .     j - +1 cloak {rPois}
rCorr  .         Reflect  .     o - +0 pair of gloves
MR     .....     Harm     .     (no boots)
Stlth  ++........ NoTele   +    (no amulet)
                                (no ring)
                                (no ring)

@: hasted, very quick
A: negative energy resistance 1, electricity resistance, unbreathing,
petrification resistance, rot immunity, AC +7
a: no special abilities


You were in the Dungeon.
You were not hungry.

You visited 1 branch You collected 759 gold pieces.
You spent 215 gold pieces at shops.

Inventory:

Missiles
 b - 13 stones (in hand)
Armour
 c - a +0 robe (worn)
 j - a +1 cloak of poison resistance (worn)
 o - a +0 pair of gloves (worn)
Wands
 m - a wand of acid (5/15)
Scrolls
 l - 2 scrolls of enchant weapon
Potions
 a - a potion of might
 g - a potion of haste
 h - a potion of magic
 i - a potion of berserk rage
Books
 k - a book of Geomancy

   Spells                             Type                      Level
   a - Sandblast                      Earth                        1
   b - Passwall                       Transmutation/Earth          2
   c - Stone Arrow                    Conjuration/Earth            3
   d - Petrify                        Transmutation/Earth          4
   e - Lee's Rapid Deconstruction     Earth                        5


   Skills:
 - Level 2.9 Fighting
 - Level 1.5 Dodging
 - Level 2.1 Stealth
 * Level 16.2 Spellcasting
 + Level 3.2 Conjurations
 + Level 0.8 Transmutations
 + Level 16.6 Earth Magic


You had 26 spell levels left.
You knew the following spells:

 Your Spells              Type           Power        Failure   Level  Hunger
a - Sandblast             Erth           ######       0%          1    None
b - Passwall              Tmut/Erth      #####.....   1%          2    None
c - Stone Arrow           Conj/Erth      ######       1%          3    None
d - Petrify               Tmut/Erth      #####...     1%          4    None
e - Lee's Rapid Deconstr  Erth           ######....   1%          5    ###....


Dungeon Overview and Level Annotations

Branches:
Dungeon (1/1)

Altars:
Cheibriados
Dithmenos
Elyvilon
Fedhas
Gozag
Hepliaklqana
Kikubaaqudgha
Makhleb
Nemelex Xobeh
Okawaru
Qazlal
Ru
Sif Muna
Trog
Uskayaw
Vehumet
Xom
Yredelemnul
Zin
The Shining One
Jiyva
Lugonu

Shops:
D :?[

Annotations:
D exclusion: oklob plant


Innate Abilities, Weirdness & Mutations

You are resistant to torment.
Your stone body is resilient. (AC +7)
You are immune to poison.
You resist negative energy. (rN+)
You are resistant to electric shocks. (rElec)
You can survive without breathing.
You are immune to petrification.
You are immune to rotting.


Message History

You kill the demonic crawler!
The demonic crawler hits you but does no damage.
The demonic crawler hits you!
* * * LOW HITPOINT WARNING * * *
The demonic crawler hits you but does no damage.
The demonic crawler barely misses you. The demonic crawler hits you.
* * * LOW HITPOINT WARNING * * *
The demonic crawler hits you but does no damage.
You feel better. The demonic crawler misses you. The demonic crawler hits you.
The demonic crawler barely misses you. The demonic crawler hits you!
* * * LOW HITPOINT WARNING * * *
The demonic crawler hits you but does no damage.
The demonic crawler barely misses you. The demonic crawler hits you.
* * * LOW HITPOINT WARNING * * *
The demonic crawler hits you but does no damage.
The demonic crawler barely misses you.
You feel yourself speed up.
The demonic crawler hits you but does no damage. x4
The demonic crawler hits you!
You die...

##################### #
.)..#..'..#__#..@s..#$[#
.#..').#..'..'..#s...#+#
###'#####'#__####......#
##..#...#.####§.#####..+
_####..##.#≈≈≈§§#..# ##
____##'#..'§§≈§.'..#
.∩...'.(._#§≈≈§§#..#
..__##_.#'##§#####.#
____###'#.#.().###P+


You could see 2 demonic crawlers.

Vanquished Creatures
  2 centaur warriors (D)
  Sonja (D)
  A deep troll (D)
  2 kobold demonologists (D)
  2 demonic crawlers (D)
  A hornet (D)
  A slime creature (D)
  Sigmund (D)
  A yak (D)
  A floating eye (D)
  An ogre (D)
  A jelly (D)
  Ijyb (D)
16 creatures vanquished.

Vanquished Creatures (others)
  A gargoyle (D)
1 creature vanquished.

Grand Total: 17 creatures vanquished

Notes
Turn   | Place    | Note
-------+----------+-------------------------------------------
     0 | D        | poirepourri the Gargoyle Earth Elementalist began the quest for the Orb.
     0 | D        | Reached XP level 1. HP: 10/10 MP: 3/3
     3 | D        | Noticed Ijyb
     9 | D        | Killed Ijyb
     9 | D        | Reached XP level 2. HP: 10/15 MP: 1/7
     9 | D        | Reached XP level 3. HP: 13/19 MP: 1/8
   100 | D        | Learned a level 2 spell: Passwall
   104 | D        | Learned a level 3 spell: Stone Arrow
   108 | D        | Noticed an ogre
   112 | D        | Killed an ogre
   112 | D        | Reached XP level 4. HP: 24/24 MP: 4/12
   178 | D        | Learned a level 4 spell: Petrify
   241 | D        | Noticed Sigmund
   246 | D        | Killed Sigmund
   246 | D        | Reached skill level 10 in Earth Magic
   246 | D        | Reached XP level 5. HP: 22/28 MP: 8/16
   246 | D        | Reached XP level 6. HP: 25/33 MP: 8/17
   321 | D        | Learned a level 5 spell: Lee's Rapid Deconstruction
   331 | D        | Found a deep blue altar of Sif Muna.
   333 | D        | Found a radiant altar of Vehumet.
   372 | D        | Found Zilif's Magic Scroll Emporium.
   372 | D        | Found an ancient bone altar of Kikubaaqudgha.
   372 | D        | Found a hazy altar of Hepliaklqana.
   372 | D        | Found a stormy altar of Qazlal.
   372 | D        | Found a hide-covered altar of Uskayaw.
   372 | D        | Found a blossoming altar of Fedhas.
   372 | D        | Found a bloodstained altar of Trog.
   372 | D        | Found an iron altar of Okawaru.
   372 | D        | Found a basalt altar of Yredelemnul.
   372 | D        | Found a glowing golden altar of the Shining One.
   372 | D        | Found a snail-covered altar of Cheibriados.
   372 | D        | Found a sacrificial altar of Ru.
   372 | D        | Found a glowing silver altar of Zin.
   372 | D        | Found a shadowy altar of Dithmenos.
   372 | D        | Found a white marble altar of Elyvilon.
   372 | D        | Noticed a yak
   376 | D        | Killed a yak
   376 | D        | Reached skill level 10 in Spellcasting
   376 | D        | Reached XP level 7. HP: 14/37 MP: 5/20
   462 | D        | Found an opulent altar of Gozag.
   463 | D        | Found a sparkling altar of Nemelex Xobeh.
   467 | D        | Bought a scroll of identify for 26 gold pieces
   574 | D        | Found a burning altar of Makhleb.
   574 | D        | Found a shimmering altar of Xom.
   574 | D        | Noticed a slime creature
   582 | D        | Killed a slime creature
   582 | D        | Reached skill level 1 in Fighting
   637 | D        | Found a viscous altar of Jiyva.
   637 | D        | Found a corrupted altar of Lugonu.
   664 | D        | Noticed Sonja
   666 | D        | Killed Sonja
   666 | D        | Reached skill level 1 in Conjurations
   666 | D        | Reached XP level 8. HP: 44/44 MP: 17/24
   719 | D        | Found Ratoh's Book Boutique.
   739 | D        | Noticed a deep troll
   748 | D        | Killed a deep troll
   748 | D        | Reached XP level 9. HP: 12/48 MP: 9/26
   949 | D        | Found Ceshenoa's Armour Emporium.
   954 | D        | Bought a +1 cloak of poison resistance for 189 gold pieces
  1031 | D        | Noticed a centaur warrior
  1033 | D        | Noticed a centaur warrior
  1039 | D        | Killed a centaur warrior
  1039 | D        | Reached skill level 15 in Earth Magic
  1047 | D        | Killed a centaur warrior
  1047 | D        | Reached skill level 15 in Spellcasting
  1239 | D        | Noticed a hornet
  1245 | D        | Killed a hornet
  1245 | D        | Reached XP level 10. HP: 46/55 MP: 17/29
  1313 | D        | Noticed an oklob plant
  1768 | D        | Noticed a kobold demonologist
  1772 | D        | Noticed a kobold demonologist
  1775 | D        | Killed a kobold demonologist
  1777 | D        | Killed a kobold demonologist
  1864 | D        | Killed a gargoyle
  2024 | D        | Slain by a demonic crawler

Vault maps used:
D:        dungeon_sprint_1

Skill      XL: |  1  2  3  4  5  6  7  8  9 10 |
---------------+-------------------------------+-----
Spellcasting   | 4 6 8 10 12 13 15 16 | 16.2
Earth Magic    | 6 8 10 11 13 14 15 16 | 16.6
Fighting       | 1 2 |  2.9
Conjurations   | 1 2 3 |  3.2
Dodging        | |  1.5
Stealth        | |  2.1
Transmutations | |  0.8

Action                   |  1- 3 |  4- 6 |  7- 9 | 10-12 || total
-------------------------+-------+-------+-------+-------++-------
 Cast: Sandblast         |     8 |     7 |    10 |     5 ||    30
       Stone Arrow       |       |     3 |    14 |     2 ||    19
       Lee's Rapid Decon |       |       |     5 |    12 ||    17
  Use: Potion            |     1 |       |     1 |     2 ||     4
       Scroll            |       |     1 |     2 |       ||     3
  Eat: Bread ration      |       |       |     1 |       ||     1
       Beef jerky        |       |       |     1 |       ||     1
Armor: Robe              |     1 |     1 |     3 |    30 ||    35
Dodge: Dodged            |     1 |     3 |     8 |    24 ||    36
